 Dungeon Sprint DCSS version 0.30-a0-272-gf98c3da03f (webtiles) character file.

Game seed: 15221589424716573378

3341 rocky1 the Frost Mage (level 9, -5/79 HPs)
             Began as a Black Draconian Ice Elementalist on Oct 16, 2022.
             Was a High Priest of Cheibriados.
             Slain by an earth elemental (10 damage)
             ... in the Dungeon (Sprint III: "The Ten Rune Challenge").
             The game lasted 00:10:41 (2272 turns).

rocky1 the Frost Mage (DrIE)                        Turns: 2272, Time: 00:10:42

Health: -5/79      AC: 27    Str: 24    XL:     9   Next: 72%
Magic:  23/23      EV: 18    Int: 33    God:    Cheibriados [*****.]
Gold:   1707       SH:  0    Dex: 27    Spells: 17/29 levels left

rFire   . . .      SeeInvis .    a - +2 flail (protect)
rCold   . . .      Faith    .    (no shield)
rNeg    . . .      Spirit   .    (body armour unavailable)
rPois   .          Reflect  .    (helmet restricted)
rElec   +          Harm     .    b - +0 cloak
rCorr   .          Rampage  .    (no gloves)
Will    .....      NoTele   +    g - +0 pair of boots
Stlth   ++++......               (no amulet)
HPRegen 0.33/turn                (no ring)
MPRegen 0.18/turn                (no ring)

@: ice-armoured, under a protective aura, very slow
A: breathe lightning, AC +7, unfitting armour, electricity resistance,
cold-blooded
a: Breathe Lightning, Renounce Religion, Bend Time, Temporal Distortion, Slouch,
Step From Time


You were in the Dungeon.
You worshipped Cheibriados.
Cheibriados was extremely pleased with you.
You visited 1 branch You collected 1824 gold pieces.
You spent 117 gold pieces at shops.

Inventory:

Hand Weapons
 a - a +2 flail of protection (weapon)
 h - a +0 dagger
 m - a +0 long sword of holy wrath
Armour
 b - a +0 cloak (worn)
 g - a +0 pair of boots (worn)
Scrolls
 i - 2 scrolls of torment
Potions
 c - 4 potions of mutation
 d - a potion of haste
 k - a potion of flight


   Skills:
 - Level 7.3 Fighting
 - Level 6.9 Long Blades
 - Level 6.4 Dodging
 - Level 7.1 Stealth
 + Level 10.7 Spellcasting
 + Level 12.0 Ice Magic
 + Level 4.9 Earth Magic
 + Level 6.8 Invocations


You had 17 spell levels left.
You knew the following spells:

 Your Spells              Type           Power      Damage    Failure   Level
a - Freeze                Ice            100%       1d10      1%          1
b - Ozocubu's Armour      Ice            78%        N/A       1%          3
c - Frozen Ramparts       Ice            100%       1d16      1%          3
d - Lee's Rapid Deconstr  Erth           25%        3d15*     10%         5

Your spell library contained the following spells:

 Spells                   Type           Power      Damage    Failure   Level
 Summon Ice Beast         Ice/Summ       55%        N/A       2%          4
 Leda's Liquefaction      Hex/Erth       17%        N/A       10%         4
 Iskenderun's Battlesphe  Conj           17%        2d7       58%         5
 Iron Shot                Conj/Erth      17%        9d4       82%         6
 Statue Form              Tmut/Erth      22%        N/A       82%         6
 Spellforged Servitor     Conj/Summ      8%         N/A       100%        7


Dungeon Overview and Level Annotations

Branches:
Dungeon (1/1)

Altars:
Cheibriados
Dithmenos
Elyvilon
Fedhas
Gozag
Hepliaklqana
Kikubaaqudgha
Makhleb
Nemelex Xobeh
Okawaru
Qazlal
Ru
Sif Muna
Trog
Uskayaw
Vehumet
Wu Jian
Xom
Yredelemnul
Zin
The Shining One
Jiyva
Lugonu

Shops:
D [


Innate Abilities, Weirdness & Mutations

You can breathe wild blasts of lightning.
Your glossy black scales are hard. (AC +7)
You cannot fit into any form of body armour.
You are resistant to electric shocks. (rElec)
You are cold-blooded and may be slowed by cold attacks.


Message History

You sock the earth elemental!
The earth elemental is moderately damaged.
The earth elemental completely misses you.
You hit the earth elemental but do no damage.
The earth elemental is moderately damaged.
The earth elemental barely misses you.
You hit the earth elemental but do no damage.
You tail-slap the earth elemental, but do no damage.
The earth elemental is moderately damaged.
The earth elemental completely misses you.
You hit the earth elemental but do no damage.
The earth elemental is moderately damaged.
The earth elemental barely misses you.
You barely miss the earth elemental.
The earth elemental is moderately damaged.
You hit the earth elemental but do no damage.
You tail-slap the earth elemental, but do no damage.
The earth elemental is moderately damaged.
The earth elemental closely misses you.
You hit the earth elemental but do no damage.
The earth elemental is moderately damaged.
The earth elemental hits you!
* * * LOW HITPOINT WARNING * * *
You sock the earth elemental!
The earth elemental is heavily damaged.
The earth elemental barely misses you.
You hit the earth elemental.
The earth elemental is heavily damaged.
The earth elemental misses you.
You hit the earth elemental.
The earth elemental is heavily damaged.
The earth elemental hits you but does no damage.
You hit the earth elemental but do no damage.
Your tail-slap misses the earth elemental.
The earth elemental is heavily damaged.
You hit the earth elemental but do no damage.
You tail-slap the earth elemental, but do no damage.
The earth elemental is heavily damaged.
The earth elemental hits you!
You die...

###########.#.## ####
__#___#__#...#∩###..+
..#__!#._#.........##
#'#'###)##..........#
......).)#........###
⌠......))#.###.####
..######)#..##.#
⌠.#__#...#'#######
..#__#..)#).~~§§@#
###__#...#)#)§§#E#
).#__#...).#.§§#.#
__#__+...#.#§§§#..
▓▓▓▓▓▓▓▓▓▓▓▓▓▓▓▓▓▓▓


You could see an earth elemental.

Vanquished Creatures
  Josephine (D)
  An orc high priest (D)
  A deep elf pyromancer (D)
  An orc knight (D)
  A shadow (D)
  A spatial vortex (D)
  3 orc warriors (D)
  A necrophage (D)
  A water elemental (D)
  A scorpion (D)
  3 orc priests (D)
  A jelly (D)
  A necromancer (D)
  A wizard (D)
  3 orc wizards (D)
  3 humans (D)
  A kobold demonologist (D)
  6 orcs (D)
  4 rats (D)
35 creatures vanquished.

Vanquished Creatures (others)
  An orc wizard (D)
1 creature vanquished.

Grand Total: 36 creatures vanquished

Notes
Turn   | Place    | Note
-------+----------+-------------------------------------------
     0 | D        | rocky1 the Draconian Ice Elementalist began the quest for
                  | the Orb.
     0 | D        | Reached XP level 1. HP: 14/14 MP: 3/3
    89 | D        | Reached skill level 1 in Fighting
    89 | D        | Reached XP level 2. HP: 21/24 MP: 1/6
   135 | D        | Noticed a scorpion
   147 | D        | Killed a scorpion
   148 | D        | Reached skill level 5 in Ice Magic
   148 | D        | Reached XP level 3. HP: 10/31 MP: 0/8
   148 | D        | Reached XP level 4. HP: 12/38 MP: 0/10
   403 | D        | Noticed a water elemental
   412 | D        | Killed a water elemental
   413 | D        | Reached skill level 5 in Spellcasting
   413 | D        | Reached skill level 6 in Ice Magic
   413 | D        | Reached XP level 5. HP: 35/46 MP: 4/12
   484 | D        | Learned a level 3 spell: Ozocubu's Armour
   488 | D        | Learned a level 3 spell: Frozen Ramparts
   491 | D        | Found a glowing silver altar of Zin.
   491 | D        | Found a glowing golden altar of the Shining One.
   491 | D        | Found a white marble altar of Elyvilon.
   491 | D        | Noticed a deep elf pyromancer
   498 | D        | Killed a deep elf pyromancer
   499 | D        | Reached skill level 5 in Dodging
   499 | D        | Reached skill level 9 in Ice Magic
   499 | D        | Reached XP level 6. HP: 23/57 MP: 3/16
   499 | D        | Your scales start taking on a glossy black colour.
   499 | D        | Reached XP level 7. HP: 25/63 MP: 3/18
   499 | D        | Gained mutation: You are resistant to electric shocks.
                  | (rElec) [Black Draconian growth]
   741 | D        | Found a hide-covered altar of Uskayaw.
   741 | D        | Found an iron altar of Okawaru.
   741 | D        | Found a bloodstained altar of Trog.
   741 | D        | Found an ornate altar of the Wu Jian Council.
   741 | D        | Noticed a human
   741 | D        | Noticed a human
   746 | D        | Killed a human
   747 | D        | Reached skill level 1 in Long Blades
   753 | D        | Killed a human
   891 | D        | Noticed a shadow
   898 | D        | Killed a shadow
   899 | D        | Reached skill level 10 in Ice Magic
   902 | D        | Reached XP level 8. HP: 48/71 MP: 20/20
   980 | D        | Found a blossoming altar of Fedhas.
   980 | D        | Found a stormy altar of Qazlal.
   980 | D        | Found a snail-covered altar of Cheibriados.
   980 | D        | Found a burning altar of Makhleb.
   980 | D        | Found a shimmering altar of Xom.
   981 | D        | Found a hazy altar of Hepliaklqana.
   981 | D        | Found an opulent altar of Gozag.
   981 | D        | Found a sparkling altar of Nemelex Xobeh.
   981 | D        | Found a corrupted altar of Lugonu.
   981 | D        | Found a viscous altar of Jiyva.
   983 | D        | Became a worshipper of Cheibriados the Contemplative
  1067 | D        | Found a basalt altar of Yredelemnul.
  1067 | D        | Found a shadowy altar of Dithmenos.
  1067 | D        | Found a sacrificial altar of Ru.
  1077 | D        | Reached * piety under Cheibriados
  1081 | D        | Reached skill level 1 in Invocations
  1208 | D        | Found a radiant altar of Vehumet.
  1208 | D        | Found a shimmering blue altar of Sif Muna.
  1208 | D        | Found an ancient bone altar of Kikubaaqudgha.
  1224 | D        | Reached ** piety under Cheibriados
  1408 | D        | Learned a level 5 spell: Lee's Rapid Deconstruction
  1429 | D        | Noticed Josephine
  1448 | D        | Killed Josephine
  1449 | D        | Reached skill level 5 in Long Blades
  1449 | D        | Reached skill level 11 in Ice Magic
  1731 | D        | Found Dusuhereij's Antique Armour Shoppe.
  1731 | D        | Noticed an orc knight
  1731 | D        | Noticed an orc high priest
  1744 | D        | Noticed a smoke demon
  1748 | D        | Reached XP level 9. HP: 57/79 MP: 12/22
  1749 | D        | Noticed a hellwing
  1750 | D        | Killed an orc knight
  1751 | D        | Reached skill level 10 in Spellcasting
  1751 | D        | Reached skill level 5 in Invocations
  1764 | D        | Reached *** piety under Cheibriados
  1770 | D        | Noticed an orange demon
  1770 | D        | Killed an orc high priest
  1770 | D        | Reached **** piety under Cheibriados
  1771 | D        | Reached skill level 12 in Ice Magic
  1773 | D        | Reached ***** piety under Cheibriados
  2217 | D        | Bought a cloak for 117 gold pieces
  2267 | D        | HP: 3/79 [earth elemental (13)]
  2272 | D        | Slain by an earth elemental

Illustrated notes

Levels and vault maps discovered:
D:        dungeon_sprint_mu [sprint_mu_entry_forest, sprint_mu_temple_rooms,
          sprint_mu_d1_horrors, sprint_mu_d2_genie, sprint_mu_d3_branching,
          sprint_mu_orc_legion, sprint_mu_elf_gauntlet, sprint_mu_hive_nellie,
          sprint_mu_lair_fedhas, sprint_mu_vaults_butterflies,
          sprint_mu_slime_circle, sprint_mu_swamp_cave, sprint_mu_shoals_kraken,
          sprint_mu_blade_basic, sprint_mu_crypt_chambers,
          sprint_mu_tomb_spiral, sprint_mu_vestibule_basic,
          sprint_mu_gehenna_hellfire, sprint_mu_dis_giant,
          sprint_mu_tartarus_statrot, sprint_mu_cocytus_islands, sprint_mu_zot1]

Skill      XL: |  1  2  3  4  5  6  7  8  9 |
---------------+----------------------------+-----
Stealth        | 2 3 4 6 7 |  7.1
Dodging        | 2 3 5 6 |  6.4
Fighting       | 1 3 6 7 |  7.3
Spellcasting   | 3 4 5 7 8 9 10 | 10.7
Ice Magic      | 5 6 9 10 11 12 | 12.0
Long Blades    | 2 5 6 |  6.9
Invocations    | 4 6 |  6.8
Earth Magic    | 3 4 |  4.9

Action                   |  1- 3 |  4- 6 |  7- 9 || total
-------------------------+-------+-------+-------++-------
Melee: Unarmed           |     3 |       |       ||     3
       Dagger            |     3 |     2 |       ||     5
       Tailslap          |     1 |       |    23 ||    24
       Long sword        |       |       |    82 ||    82
       Flail             |       |       |    25 ||    25
 Cast: Freeze            |    18 |     9 |     2 ||    29
       Frozen Ramparts   |       |     1 |    10 ||    11
       Ozocubu's Armour  |       |     1 |     5 ||     6
       Lee's Rapid Decon |       |       |     1 ||     1
Invok: Bend Time         |       |       |     1 ||     1
 Abil: Breathe Lightning |       |       |     1 ||     1
  Use: Potion            |     3 |       |     4 ||     7
       Scroll            |       |       |     5 ||     5
 Stab: Sleeping          |       |       |     1 ||     1
Armor: Skin              |     4 |     2 |    38 ||    44
Dodge: Dodged            |    12 |     5 |    77 ||    94

Table legend: (Time is in decaauts)
 A = Elapsed time spent in this place.
 B = Non-inter-level travel time spent in this place.
 C = Inter-level travel time spent in this place.
 D = Time resting spent in this place.
 E = Time spent auto-exploring this place.
 F = Levels seen in this place.
 G = Mean time per level.
                   A        B        C        D        E       F      G
               +--------+--------+--------+--------+--------+-----+--------+
         Total |   2473 |   2473 |      0 |   1652 |      0 |   1 | 2473.0 |
       Dungeon |   2473 |   2473 |      0 |   1652 |      0 |   1 | 2473.0 |
               +--------+--------+--------+--------+--------+-----+--------+

Top non-repeatable levels by time:
       D: 2473 daAuts
